SA
GRIM REAPERS @ NEBRASKA PLAINSMEN
08/11/2025
 
TOP OF THE 1ST
Grim Reapers batting - Pitching for Nebraska Plainsmen : RHP Gerardo Negrón
Pitching: RHP Gerardo Negrón
Batting: RHB Orlando Montoya 0-0: Called Strike
0-1: Ball
1-1: Swinging Strike
1-2: Strikes out swinging
Batting: RHB Marcos Martínez 0-0: Foul Ball, location: 2F
0-1: Ball
1-1: Ball
2-1: Foul Ball, location: 2F
2-2: Strikes out swinging
Batting: LHB Jesús Aguilar 0-0: Foul Ball, location: 2F
0-1: Ball
1-1: Called Strike
1-2: SINGLE (Line Drive, 56)
Batting: RHB Raúl Moreno 0-0: Called Strike
0-1: Swinging Strike
0-2: Ball
1-2: Strikes out looking
Top of the 1st over - 0 run(s), 1 hit(s), 0 error(s), 1 left on base; Grim 0 - Nebraska 0
BOTTOM OF THE 1ST
Nebraska Plainsmen batting - Pitching for Grim Reapers : RHP Mack MacDonald
Pitching: RHP Mack MacDonald
Batting: RHB Leonard Hiott 0-0: SINGLE (Line Drive, 6MD)
Batting: RHB Artie Dempsey 0-0: Called Strike
0-1: Ball
1-1: Ball
2-1: Foul Ball, location: 2F
2-2: Ball
3-2: Ground out 6-3 (Groundball, 56)
Leonard Hiott to second
Batting: RHB Lorenzo Ruíz 0-0: Called Strike
0-1: Ball
1-1: Foul Ball, location: 2F
1-2: Fly out, F9 (Flyball, 9LS)
Batting: RHB Levi Tess 0-0: Ball
1-0: Foul Ball, location: 2F
1-1: Foul Ball, location: 2F
1-2: Ball
2-2: Foul Ball, location: 2F
2-2: Strikes out looking
Bottom of the 1st over - 0 run(s), 1 hit(s), 0 error(s), 1 left on base; Grim 0 - Nebraska 0
TOP OF THE 2ND
Grim Reapers batting - Pitching for Nebraska Plainsmen : RHP Gerardo Negrón
Batting: RHB Carlos Méndez 0-0: Ball
1-0: Ball
2-0: Called Strike
2-1: Ground out U3 (Groundball, 3)
Batting: SHB Carlos Chávez 0-0: Called Strike
0-1: Called Strike
0-2: Strikes out swinging
Batting: RHB Júlio Gonzáles 0-0: Called Strike
0-1: Ball
1-1: Foul Ball, location: 2F
1-2: Fly out, F3 (Popup, 3S)
Top of the 2nd over - 0 run(s), 0 hit(s), 0 error(s), 0 left on base; Grim 0 - Nebraska 0
BOTTOM OF THE 2ND
Nebraska Plainsmen batting - Pitching for Grim Reapers : RHP Mack MacDonald
Batting: LHB Alex Willis 0-0: Swinging Strike
0-1: Ball
1-1: SINGLE (Groundball, 23) (infield hit)
Batting: RHB Ángel Macías 0-0: Swinging Strike
0-1: Ball
1-1: Called Strike
1-2: Strikes out swinging
Batting: LHB Lance Antle 0-0: Called Strike
0-1: DOUBLE (Flyball, 7D)
Alex Willis to third
Runner from 3rd tries for Home, SAFE, throw made at trailing runner, SAFE at third!
Batting: RHB Amos Bies 0-0: Ball
1-0: Ball
2-0: Called Strike
2-1: Ball
3-1: SINGLE (Groundball, 56D)
Lance Antle scores
Batting: RHB Bryce Honour 0-0: Ball
1-0: Swinging Strike
1-1: Ball
2-1: Called Strike
2-2: Foul Ball, location: 2F
2-2: Fielders Choice at 2nd, 5-4 (Groundball, 56)
Batting: RHB Leonard Hiott 0-0: Ball
1-0: Ball
Bryce Honour steals 2nd base
2-0: Fly out, F8 (Line Drive, 8LM)
Bottom of the 2nd over - 2 run(s), 3 hit(s), 0 error(s), 1 left on base; Grim 0 - Nebraska 2
TOP OF THE 3RD
Grim Reapers batting - Pitching for Nebraska Plainsmen : RHP Gerardo Negrón
Batting: LHB Steve Costillo 0-0: Swinging Strike
0-1: Ball
1-1: Ground out 6-3 (Groundball, 6)
Batting: RHB Earnest Vater 0-0: Called Strike
0-1: Foul Ball, location: 2F
0-2: Foul Ball, location: 2F
0-2: Foul Ball, location: 2F
0-2: Ball
1-2: Ball
2-2: Strikes out swinging
Batting: RHB Orlando Montoya 0-0: Called Strike
0-1: Foul Ball, location: 2F
0-2: Foul Ball, location: 2F
0-2: Foul Ball, location: 2F
0-2: Ball
1-2: Strikes out swinging
Top of the 3rd over - 0 run(s), 0 hit(s), 0 error(s), 0 left on base; Grim 0 - Nebraska 2
BOTTOM OF THE 3RD
Nebraska Plainsmen batting - Pitching for Grim Reapers : RHP Mack MacDonald
Batting: RHB Artie Dempsey 0-0: Called Strike
0-1: Ball
1-1: Called Strike
1-2: Ground out 6-3 (Groundball, 6)
Batting: RHB Lorenzo Ruíz 0-0: Foul Ball, location: 2F
0-1: Ball
1-1: Fly out, F8 (Flyball, 8RM)
Batting: RHB Levi Tess 0-0: Fly out, F5 (Line Drive, 56)
Bottom of the 3rd over - 0 run(s), 0 hit(s), 0 error(s), 0 left on base; Grim 0 - Nebraska 2
TOP OF THE 4TH
Grim Reapers batting - Pitching for Nebraska Plainsmen : RHP Gerardo Negrón
Batting: RHB Marcos Martínez 0-0: Ball
1-0: Ground out 5-3 (Groundball, 5)
Batting: LHB Jesús Aguilar 0-0: Called Strike
0-1: Swinging Strike
0-2: Strikes out swinging
Batting: RHB Raúl Moreno 0-0: Ground out 6-3 (Groundball, 6)
Top of the 4th over - 0 run(s), 0 hit(s), 0 error(s), 0 left on base; Grim 0 - Nebraska 2
BOTTOM OF THE 4TH
Nebraska Plainsmen batting - Pitching for Grim Reapers : RHP Mack MacDonald
Batting: LHB Alex Willis 0-0: Ball
1-0: Called Strike
1-1: Ball
2-1: Fly out, F8 (Line Drive, 8LS)
Batting: RHB Ángel Macías 0-0: Ball
1-0: Fly out, F9 (Flyball, 9LM)
Batting: LHB Lance Antle 0-0: Fly out, F9 (Flyball, 9)
Bottom of the 4th over - 0 run(s), 0 hit(s), 0 error(s), 0 left on base; Grim 0 - Nebraska 2
TOP OF THE 5TH
Grim Reapers batting - Pitching for Nebraska Plainsmen : RHP Gerardo Negrón
Batting: RHB Carlos Méndez 0-0: Called Strike
0-1: Called Strike
0-2: Strikes out swinging
Batting: SHB Carlos Chávez 0-0: Ball
1-0: Foul Ball, location: 2F
1-1: Hit by Pitch
Pinch Runner at 1st Jeb Sexton:
Batting: RHB Júlio Gonzáles 0-0: Ball
1-0: Called Strike
1-1: Ball
2-1: Foul Ball, location: 2F
2-2: Foul Ball, location: 2F
2-2: Strikes out swinging
Jeb Sexton is caught stealing 2nd base
Batter strikes out.
Top of the 5th over - 0 run(s), 0 hit(s), 0 error(s), 0 left on base; Grim 0 - Nebraska 2
BOTTOM OF THE 5TH
Nebraska Plainsmen batting - Pitching for Grim Reapers : RHP Mack MacDonald
Now at SS: Jeb Sexton
Batting: RHB Amos Bies 0-0: Fly out, F9 (Flyball, 9LSF)
Batting: RHB Bryce Honour 0-0: Ball
1-0: Foul Ball, location: 2F
1-1: Ball
2-1: Ball
3-1: Fly out, F3 (Line Drive, 3L)
Batting: RHB Leonard Hiott 0-0: Foul Ball, location: 2F
0-1: Foul Ball, location: 2F
0-2: Ball
1-2: Foul Ball, location: 2F
1-2: Ground out 6-3 (Groundball, 6)
Bottom of the 5th over - 0 run(s), 0 hit(s), 0 error(s), 0 left on base; Grim 0 - Nebraska 2
TOP OF THE 6TH
Grim Reapers batting - Pitching for Nebraska Plainsmen : RHP Gerardo Negrón
Batting: LHB Steve Costillo 0-0: Ball
1-0: Called Strike
1-1: Foul Ball, location: 2F
1-2: Ball
2-2: Ball
3-2: Base on Balls
Batting: RHB Earnest Vater 0-0: Ball
1-0: Called Strike
1-1: Ball
2-1: Bunted foul
2-2: Fly out, F9 (Flyball, 9LS)
Batting: RHB Orlando Montoya 0-0: Called Strike
0-1: Ball
1-1: Ball
Steve Costillo steals 2nd base
2-1: SINGLE (Line Drive, 7LS)
Steve Costillo to third
Runner from 3rd tries for Home, SAFE, throw made home
Orlando Montoya to second
Batting: RHB Marcos Martínez 0-0: Ball
Orlando Montoya steals 3rd base
1-0: Ball
2-0: Foul Ball, location: 2F
2-1: Reached on error, E5 (Groundball, 56S)
Orlando Montoya scores
Batting: LHB Jesús Aguilar 0-0: Ball
1-0: Swinging Strike
1-1: SINGLE (Flyball, 89S)
Marcos Martínez to second
Runner from 2nd tries for 3rd, SAFE, throw made to third
Batting: RHB Raúl Moreno 0-0: Called Strike
Jesús Aguilar is caught stealing 2nd base
0-1: Swinging Strike
0-2: Fly out, F4 (Flyball, 4D)
Top of the 6th over - 2 run(s), 2 hit(s), 1 error(s), 1 left on base; Grim 2 - Nebraska 2
BOTTOM OF THE 6TH
Nebraska Plainsmen batting - Pitching for Grim Reapers : RHP Mack MacDonald
Batting: RHB Artie Dempsey 0-0: Called Strike
0-1: Swinging Strike
0-2: Strikes out looking
Batting: RHB Lorenzo Ruíz 0-0: Ball
1-0: Ball
2-0: Ball
3-0: Called Strike
3-1: Foul Ball, location: 2F
3-2: Strikes out looking
Batting: RHB Levi Tess 0-0: Called Strike
0-1: Foul Ball, location: 2F
0-2: Fly out, F8 (Line Drive, 8RS)
Bottom of the 6th over - 0 run(s), 0 hit(s), 0 error(s), 0 left on base; Grim 2 - Nebraska 2
TOP OF THE 7TH
Grim Reapers batting - Pitching for Nebraska Plainsmen : RHP Gerardo Negrón
Batting: RHB Carlos Méndez 0-0: Called Strike
0-1: Hit by Pitch
Batting: RHB Jeb Sexton 0-0: Bunt missed!
0-1: Bunted foul
0-2: Fly out, F8 (Flyball, 8RM)
Pinch Hitting: LHB Jim Unknown 0-0: Ball
1-0: Called Strike
1-1: Ball
2-1: Ball
3-1: Fly out, F9 (Line Drive, 9)
Pinch Hitting: LHB Martín Cruz 0-0: Fielders Choice at 2nd, 4-6 (Groundball, 4)
Top of the 7th over - 0 run(s), 0 hit(s), 0 error(s), 0 left on base; Grim 2 - Nebraska 2
BOTTOM OF THE 7TH
Nebraska Plainsmen batting - Pitching for Grim Reapers : RHP Mack MacDonald
Now at 3B: Willis Kirkendall
Now in LF: Martín Cruz
Batting: LHB Alex Willis 0-0: Ball
1-0: Ball
2-0: Ground out 6-3 (Groundball, 6)
Pinch Hitting: RHB Jim Unknown 0-0: Called Strike
0-1: Fly out, F7 (Flyball, 7LMF)
Batting: LHB Lance Antle 0-0: Ball
1-0: Ball
2-0: Called Strike
2-1: Called Strike
2-2: Ball
3-2: Strikes out swinging
Bottom of the 7th over - 0 run(s), 0 hit(s), 0 error(s), 0 left on base; Grim 2 - Nebraska 2
TOP OF THE 8TH
Grim Reapers batting - Pitching for Nebraska Plainsmen : RHP Gerardo Negrón
Now in CF: Jim Unknown
Pinch Hitting: LHB Jim Unknown 0-0: Foul Ball, location: 2F
0-1: Foul Ball, location: 2F
0-2: Strikes out looking
Pinch Hitting: RHB Sherman Trowell 0-0: Ball
1-0: Foul Ball, location: 2F
1-1: Ball
2-1: Ball
3-1: Foul Ball, location: 2F
3-2: Fly out, F7 (Line Drive, 7)
Batting: RHB Marcos Martínez 0-0: Foul Ball, location: 2F
0-1: Ball
1-1: Foul Ball, location: 2F
1-2: Ball
2-2: Foul Ball, location: 2F
2-2: Foul Ball, location: 2F
2-2: SINGLE (Groundball, 6MD)
Pitching: RHP Jim Unknown
Pinch Runner at 1st Jim Unknown:
Batting: LHB Jesús Aguilar 0-0: Called Strike
0-1: Ball
1-1: SINGLE (Line Drive, 4MD)
Jim Unknown to second
Runner from 2nd tries for 3rd, SAFE, no throw
Batting: RHB Raúl Moreno 0-0: Fielders Choice at 2nd, U6 (Groundball, 6M)
Top of the 8th over - 0 run(s), 2 hit(s), 0 error(s), 2 left on base; Grim 2 - Nebraska 2
BOTTOM OF THE 8TH
Nebraska Plainsmen batting - Pitching for Grim Reapers : RHP Mack MacDonald
Pitching: LHP Steve Seabolt
Now at 2B: Sherman Trowell
Now in RF: Jim Unknown
Batting: RHB Amos Bies 0-0: Foul Ball, location: 2F
0-1: Ground out 5-3 (Groundball, 56S)
Pinch Hitting: RHB Mike Thompson 0-0: Swinging Strike
0-1: Ball
1-1: Ball
2-1: Ball
3-1: Fly out, F9 (Flyball, 9LS)
Batting: RHB Leonard Hiott 0-0: Called Strike
0-1: Called Strike
0-2: Ball
1-2: Ball
2-2: Strikes out looking
Bottom of the 8th over - 0 run(s), 0 hit(s), 0 error(s), 0 left on base; Grim 2 - Nebraska 2
TOP OF THE 9TH
Grim Reapers batting - Pitching for Nebraska Plainsmen : RHP Jim Unknown
Pitching: RHP Juan Contreras
Now in RF: Jim Unknown
Batting: RHB Carlos Méndez 0-0: Ball
1-0: Swinging Strike
1-1: Ball
2-1: Ball
3-1: Called Strike
3-2: Strikes out swinging
Pinch Hitting: RHB Warner Lewis 0-0: Called Strike
0-1: Called Strike
0-2: Ball
1-2: Hit by Pitch
Batting: RHB Willis Kirkendall 0-0: Ball
1-0: Foul Ball, location: 2F
1-1: Ball
2-1: Called Strike
2-2: Strikes out swinging
Batting: LHB Martín Cruz 0-0: Foul Ball, location: 2F
0-1: Ball
1-1: Called Strike
1-2: Strikes out swinging
Top of the 9th over - 0 run(s), 0 hit(s), 0 error(s), 1 left on base; Grim 2 - Nebraska 2
BOTTOM OF THE 9TH
Nebraska Plainsmen batting - Pitching for Grim Reapers : LHP Steve Seabolt
Now at 3B: Warner Lewis
Batting: RHB Artie Dempsey 0-0: Swinging Strike
0-1: Ball
1-1: Called Strike
1-2: Foul Ball, location: 2F
1-2: Foul Ball, location: 2F
1-2: Ball
2-2: Foul Ball, location: 2F
2-2: Ball
3-2: Strikes out swinging
Batting: RHB Lorenzo Ruíz 0-0: SINGLE (Groundball, 34D)
Batting: RHB Levi Tess 0-0: Ball
1-0: Called Strike
1-1: Called Strike
1-2: Fly out, F4 (Popup, 4)
Batting: LHB Alex Willis 0-0: Ball
1-0: Fielders Choice at 2nd, 6-4 (Groundball, 6)
Bottom of the 9th over - 0 run(s), 1 hit(s), 0 error(s), 0 left on base; Grim 2 - Nebraska 2
TOP OF THE 10TH
Grim Reapers batting - Pitching for Nebraska Plainsmen : RHP Juan Contreras
Batting: LHB Jim Unknown 0-0: Ball
1-0: Called Strike
1-1: Foul Ball, location: 2F
1-2: Fly out, F6 (Popup, 56)
Batting: RHB Sherman Trowell 0-0: Swinging Strike
0-1: Ball
1-1: Fly out, F8 (Flyball, 8RM)
Batting: RHB Jim Unknown 0-0: Foul Ball, location: 2F
0-1: Ball
1-1: Ball
2-1: SINGLE (Groundball, 6S) (infield hit)
Batting: LHB Jesús Aguilar 0-0: Ball
Jim Unknown steals 2nd base
1-0: Called Strike
1-1: Swinging Strike
1-2: Foul Ball, location: 2F
1-2: Ball
2-2: Ball
3-2: Strikes out swinging
Top of the 10th over - 0 run(s), 1 hit(s), 0 error(s), 1 left on base; Grim 2 - Nebraska 2
BOTTOM OF THE 10TH
Nebraska Plainsmen batting - Pitching for Grim Reapers : LHP Steve Seabolt
Batting: RHB Jim Unknown 0-0: Ball
1-0: Called Strike
1-1: Ground out 5-3 (Groundball, 56S)
Pinch Hitting: SHB José Ángel 0-0: Fly out, F3 (Flyball, 3DF)
Batting: RHB Amos Bies 0-0: Foul Ball, location: 2F
0-1: Called Strike
0-2: Ball
1-2: Fly out, F6 (Popup, 6M)
Bottom of the 10th over - 0 run(s), 0 hit(s), 0 error(s), 0 left on base; Grim 2 - Nebraska 2
TOP OF THE 11TH
Grim Reapers batting - Pitching for Nebraska Plainsmen : RHP Juan Contreras
Pitching: RHP Jim Unknown
Now in LF: Júlio Crez
Batting: RHB Raúl Moreno 0-0: Ball
1-0: Ground out 6-3 (Groundball, 6)
Batting: RHB Carlos Méndez 0-0: Ball
1-0: SINGLE (Groundball, 56D)
Batting: RHB Warner Lewis 0-0: Fly out, F9 (Line Drive, 9)
Batting: RHB Willis Kirkendall 0-0: Called Strike
0-1: Ball
1-1: Called Strike
1-2: Ball
2-2: Strikes out looking
Top of the 11th over - 0 run(s), 1 hit(s), 0 error(s), 1 left on base; Grim 2 - Nebraska 2
BOTTOM OF THE 11TH
Nebraska Plainsmen batting - Pitching for Grim Reapers : LHP Steve Seabolt
Batting: LHB Jim Unknown 0-0: Called Strike
0-1: Swinging Strike
0-2: Ball
1-2: Strikes out swinging
Batting: RHB Leonard Hiott 0-0: Fly out, F9 (Flyball, 9LM)
Batting: RHB Artie Dempsey 0-0: Ball
1-0: Fly out, F9 (Flyball, 89S)
Bottom of the 11th over - 0 run(s), 0 hit(s), 0 error(s), 0 left on base; Grim 2 - Nebraska 2
TOP OF THE 12TH
Grim Reapers batting - Pitching for Nebraska Plainsmen : RHP Jim Unknown
Batting: LHB Martín Cruz 0-0: Ball
1-0: Ball
2-0: Ball
3-0: Swinging Strike
3-1: Base on Balls
Batting: LHB Jim Unknown 0-0: Ball
1-0: Ball
2-0: Foul Ball, location: 2F
2-1: Fly out, F8 (Flyball, 8LM)
Batting: RHB Sherman Trowell 0-0: Called Strike
0-1: Fly out, F8 (Line Drive, 8LS)
Batting: RHB Jim Unknown 0-0: Called Strike
0-1: Called Strike
0-2: Foul Ball, location: 2F
0-2: Fly out, F4 (Popup, 4MD)
Top of the 12th over - 0 run(s), 0 hit(s), 0 error(s), 1 left on base; Grim 2 - Nebraska 2
BOTTOM OF THE 12TH
Nebraska Plainsmen batting - Pitching for Grim Reapers : LHP Steve Seabolt
Batting: RHB Lorenzo Ruíz 0-0: Ball
1-0: Foul Ball, location: 2F
1-1: Ground out 3-1 (Groundball, 34)
Batting: RHB Levi Tess 0-0: Called Strike
0-1: Ball
1-1: Called Strike
1-2: Foul Ball, location: 2F
1-2: Ball
2-2: Foul Ball, location: 2F
2-2: Ball
3-2: SINGLE (Groundball, 6MD)
Pitching: RHP Stu Noble
Batting: LHB Alex Willis 0-0: Swinging Strike
0-1: Foul Ball, location: 2F
0-2: Foul Ball, location: 2F
0-2: Ball
1-2: Strikes out swinging
Batting: RHB Jim Unknown 0-0: Ball
1-0: Called Strike
1-1: Called Strike
1-2: Ball
2-2: Ground out 5-3 (Groundball, 5S)
Bottom of the 12th over - 0 run(s), 1 hit(s), 0 error(s), 1 left on base; Grim 2 - Nebraska 2
TOP OF THE 13TH
Grim Reapers batting - Pitching for Nebraska Plainsmen : RHP Jim Unknown
Pitching: RHP Jim Unknown
Batting: LHB Jesús Aguilar 0-0: Called Strike
0-1: Ball
1-1: Ball
2-1: SINGLE (Groundball, 34D)
Batting: RHB Raúl Moreno 0-0: Fielders Choice at 2nd, 5-4 (Groundball, 6)
Batting: RHB Carlos Méndez 0-0: Called Strike
0-1: Swinging Strike
0-2: Ball
1-2: Strikes out swinging
Batting: RHB Warner Lewis 0-0: Ball
1-0: Foul Ball, location: 2F
1-1: Swinging Strike
1-2: SINGLE (Flyball, 8LS)
Raúl Moreno to second
Runner from 2nd tries for 3rd, SAFE, throw made to third
Batting: RHB Willis Kirkendall 0-0: Foul Ball, location: 2F
0-1: Ball
1-1: Fly out, F9 (Flyball, 9LM)
Top of the 13th over - 0 run(s), 2 hit(s), 0 error(s), 2 left on base; Grim 2 - Nebraska 2
BOTTOM OF THE 13TH
Nebraska Plainsmen batting - Pitching for Grim Reapers : RHP Stu Noble
Pinch Hitting: RHB Jim Unknown 0-0: Ball
1-0: Ball
2-0: Called Strike
2-1: Swinging Strike
2-2: Foul Ball, location: 2F
2-2: Strikes out looking
Batting: RHB Amos Bies 0-0: Ball
1-0: SINGLE (Line Drive, 7LS)
Batting: LHB Jim Unknown 0-0: Hit by Pitch
Amos Bies to second
Batting: RHB Leonard Hiott 0-0: Ground out 5-3 (Groundball, 56)
Amos Bies to third
Jim Unknown to second
Batting: RHB Artie Dempsey 0-0: Ball
1-0: Ball
2-0: Foul Ball, location: 2F
2-1: Ball
3-1: Foul Ball, location: 2F
3-2: Foul Ball, location: 2F
3-2: Strikes out swinging
Bottom of the 13th over - 0 run(s), 1 hit(s), 0 error(s), 2 left on base; Grim 2 - Nebraska 2
TOP OF THE 14TH
Grim Reapers batting - Pitching for Nebraska Plainsmen : RHP Jim Unknown
Now in LF: Jim Unknown
Batting: LHB Martín Cruz 0-0: Ground out 6-3 (Groundball, 6)
Batting: LHB Jim Unknown 0-0: Called Strike
0-1: Foul Ball, location: 2F
0-2: Ball
1-2: Foul Ball, location: 2F
1-2: SINGLE (Line Drive, 89S)
Batting: RHB Sherman Trowell 0-0: Ball
1-0: Called Strike
1-1: Ground out 5-3 (Groundball, 56S)
Jim Unknown to second
Batting: RHB Jim Unknown 0-0: Ball
1-0: Called Strike
1-1: Ball
2-1: 2-RUN HOME RUN (Flyball, 7LD), Distance : 381 ft
Batting: LHB Jesús Aguilar 0-0: Swinging Strike
0-1: Swinging Strike
0-2: Ball
1-2: Strikes out swinging
Top of the 14th over - 2 run(s), 2 hit(s), 0 error(s), 0 left on base; Grim 4 - Nebraska 2
BOTTOM OF THE 14TH
Nebraska Plainsmen batting - Pitching for Grim Reapers : RHP Stu Noble
Batting: RHB Lorenzo Ruíz 0-0: Ball
1-0: Foul Ball, location: 2F
1-1: Fly out, F9 (Flyball, 9LSF)
Pitching: RHP Cecil Beijeman
Batting: RHB Levi Tess 0-0: Ball
1-0: Ball
2-0: Ball
3-0: Base on Balls
Batting: LHB Alex Willis 0-0: Called Strike
0-1: Ball
1-1: Foul Ball, location: 2F
1-2: Strikes out looking
Batting: RHB Jim Unknown 0-0: Fielders Choice at 2nd, 4-6 (Groundball, 4)
Bottom of the 14th over - 0 run(s), 0 hit(s), 0 error(s), 0 left on base; Grim 4 - Nebraska 2
Friday, December 30th, 2016 - OOTP Baseball 17.12 Build 75